 Dungeon Crawl Stone Soup version 0.27-a0-1105-g946c659c87 (webtiles) character file.

Game seed: 17447429511281531510

257 Armakuni the Skirmisher (level 6, -13/49 HPs)
             Began as a Human Monk on Apr 30, 2021.
             Mangled by an ogre
             ... wielding a +0 giant spiked club
              (27 damage)
             ... on level 3 of the Dungeon.
             The game lasted 00:06:58 (2750 turns).

Armakuni the Skirmisher (Human Monk)                Turns: 2750, Time: 00:06:58

Health: -13/49     AC:  3    Str:  9    XL:     6   Next: 39%
Magic:  6/6        EV: 13    Int: 12    God:
Gold:   50         SH:  0    Dex: 16    Spells: 5/5 levels left

rFire    . . .     SeeInvis .   b - +0 mace
rCold    . . .     Faith    .   (no shield)
rNeg     . . .     Spirit   .   e - +1 robe
rPois    .         Reflect  .   (no helmet)
rElec    .         Harm     .   (no cloak)
rCorr    .         Rampage  .   (no gloves)
Will     .....                  (no boots)
Stlth    ++........             R - amulet of regeneration
HPRegen  1.16/turn              (no ring)
MPRegen  0.10/turn              (no ring)

@: flying, hasted, very quick
A: mutation resistance 1, weak 1
a: no special abilities


You were on level 3 of the Dungeon.
You visited 1 branch of the dungeon, and saw 3 of its levels.

You collected 50 gold pieces.

Inventory:

Hand Weapons
 b - a +0 mace (weapon)
Armour
 e - a +1 robe (worn)
Magical Staves
 a - a staff of earth
Jewellery
 d - an amulet of the acrobat
 k - a ring of see invisible
 R - an amulet of regeneration (around neck)
Scrolls
 g - 2 scrolls of holy word
Potions
 c - a potion of magic


   Skills:
 + Level 4.6 Fighting
 - Level 3.1(4.2) Maces & Flails
 + Level 4.4(4.9) Staves
 - Level 3.0 Dodging
 - Level 2.0 Stealth


You had 5 spell levels left.
You didn't know any spells.
Your spell library contained the following spells:

 Spells                   Type           Power      Damage    Failure   Level
 Summon Guardian Golem    Hex/Summ       0%         N/A       69%         3
 Tukima's Dance           Hex            0%         N/A       69%         3
 Summon Mana Viper        Hex/Summ       0%         N/A       100%        5
 Invisibility             Hex            0%         N/A       100%        6


Dungeon Overview and Level Annotations

Branches:
Dungeon (3/15)

Altars:


Innate Abilities, Weirdness & Mutations

You are somewhat resistant to further mutation.
You are weak. (Str -2)


Message History

You aren't carrying any items that you can evoke.
Okay, then.
As you read the scroll labelled HARIZX PASM, it crumbles to dust.
The scroll dissolves into smoke.
It was a scroll of fog.
It was a potion of cancellation.
You feel magically purged.
The orc priest begins to cast a cantrip, but forgets the words!
It was a potion of flight.
You feel very buoyant.
You fly up into the air.
You hit the orc priest.
The orc priest is heavily wounded.
The orc priest hits you with a +0 club. The orc priest closely misses you.
You hit the orc priest.
The orc priest is severely wounded.
The orc priest hits you with a +0 club.
You hit the orc priest.
The orc priest is almost dead.
The ogre barely misses you.
You barely miss the orc priest.
The orc priest is almost dead.
The orc priest hits you with a +0 club! Something hits you.
The ogre hits you with a +0 giant spiked club.
* * * LOW HITPOINT WARNING * * *
You hit the orc priest.
You kill the orc priest!
Something hits you.
* * * LOW HITPOINT WARNING * * *
The ogre closely misses you. Something hits you.
* * * LOW HITPOINT WARNING * * *
The ogre barely misses you.
Things that are here:
a +0 club; a +0 leather armour; an orc corpse An orc wizard appears from thin air!
Reactivating autopickup.
Okay, then.
You feel yourself speed up.
The ogre hits you with a +0 giant spiked club!!
Ouch! That really hurt!
You die...

#...o##..............
####.##..............
###.##.............
#§§............###
#§§§##.........#.#
#.§§##..........#
#.§.##.........##
#.oO##.........#
###@.......#####
#........# #######
#........###......
#.................
#.........##......
#.........#.(....<
###########.......
##....†.....(....
#....######......


You could see an ogre and an orc wizard.

Vanquished Creatures
  An ice beast (D:2)
  An orc priest (D:3)
  Natasha (twice) (D:2)
  A gnoll (D:1)
  2 adders
  A dart slug (D:1)
  2 orcs (D:3)
  2 endoplasms (D:2)
  4 giant cockroaches
  A goblin (D:1)
  9 hobgoblins
  7 jackals
  4 quokkas
  4 ball pythons
  4 bats
  4 frilled lizards (D:1)
  5 kobolds
  3 rats
57 creatures vanquished.

Notes
Turn   | Place    | Note
-------+----------+-------------------------------------------
     0 | D:1      | Armakuni the Human Monk began the quest for the Orb.
     0 | D:1      | Reached XP level 1. HP: 18/18 MP: 1/1
   355 | D:1      | Reached XP level 2. HP: 22/24 MP: 2/2
   367 | D:1      | Reached skill level 1 in Staves
   807 | D:1      | Found a faded altar of an unknown god.
   957 | D:1      | Reached XP level 3. HP: 23/29 MP: 3/3
  1535 | D:2      | Noticed Natasha
  1542 | D:2      | Gained mutation: You are weak. (Str -2) [potion of
                  | mutation]
  1542 | D:2      | Gained mutation: You are somewhat resistant to further
                  | mutation. [potion of mutation]
  1550 | D:2      | Killed Natasha
  1551 | D:2      | Reached XP level 4. HP: 13/35 MP: 4/4
  1869 | D:2      | Identified the Collected Works on Bewitchment
  2018 | D:2      | Noticed an ice beast
  2244 | D:2      | Killed an ice beast
  2245 | D:2      | Reached XP level 5. HP: 42/42 MP: 5/5
  2392 | D:2      | Noticed Natasha
  2406 | D:2      | Killed Natasha
  2407 | D:2      | Reached XP level 6. HP: 36/49 MP: 6/6
  2671 | D:3      | Noticed an ogre
  2750 | D:3      | Mangled by an ogre

Illustrated notes

Levels and vault maps discovered:
D:1:      nzn_arrival_water_spiral, layout_loops_cross,
          shapermc_ecumenical_altar_venn
D:2:      minmay_chambers_of_ones, layout_basic, uniq_natasha
D:3:      minmay_bubble_buster, layout_basic, nicolae_hepliaklqana_hazy_memory,
          nicolae_ru_the_path_less_chosen, overflow_temple_1_default,
          uniq_terence

Skill      XL: |  1  2  3  4 |
---------------+-------------+-----
Staves         | 2 3 4 |  4.4
Fighting       | 4 |  4.6
Maces & Flails | |  3.1
Dodging        | |  3.0
Stealth        | |  2.0

Action                   |  1- 3 |  4- 6 || total
-------------------------+-------+-------++-------
Melee: Mace              |    29 |    56 ||    85
       Staff             |   132 |    94 ||   226
Throw: Stone             |     1 |       ||     1
  Use: Scroll            |     2 |     4 ||     6
       Potion            |     2 |     4 ||     6
 Stab: Sleeping          |     4 |     3 ||     7
Armor: Robe              |    33 |    40 ||    73
Dodge: Dodged            |    91 |   103 ||   194

Table legend: (Time is in decaauts)
 A = Elapsed time spent in this place.
 B = Non-inter-level travel time spent in this place.
 C = Inter-level travel time spent in this place.
 D = Time resting spent in this place.
 E = Time spent auto-exploring this place.
 F = Levels seen in this place.
 G = Mean time per level.
                   A        B        C        D        E       F      G
               +--------+--------+--------+--------+--------+-----+--------+
         Total |   2758 |   2687 |     71 |    652 |   1197 |   3 |  919.3 |
       Dungeon |   2758 |   2687 |     71 |    652 |   1197 |   3 |  919.3 |
               +--------+--------+--------+--------+--------+-----+--------+

Top non-repeatable levels by time:
     D:1: 1428 daAuts
     D:2: 1160 daAuts
     D:3: 169 daAuts
